 Dungeon Crawl Stone Soup version 0.25-a0-166-g16436c4 (webtiles) character file.

Game seed: 12870424751597364253, levelgen mode: deterministic

59581 Coldstonesans the Corrupter of Planes (level 14, 0/113 HPs)
             Began as a Demonspawn Abyssal Knight on Nov 25, 2019.
             Was the Champion of Lugonu.
             Killed from afar by a hell hound (12 damage)
             ... with a blast of flame
             ... led by Azrael
             ... on level 12 of the Dungeon.
             The game lasted 01:16:13 (25116 turns).

Coldstonesans the Corrupter of Planes (DsAK)       Turns: 25116, Time: 01:16:14

Health: 0/113      AC: 22    Str: 20    XL:     14   Next: 53%
Magic:  0/33       EV:  6    Int: 14    God:    Lugonu [******]
Gold:   883        SH: 17    Dex: 12    Spells: 13/13 levels left

rFire    . . .     SeeInvis .   j - +1 broad axe (elec)
rCold    . . .     Gourm    +   h - +0 large shield
rNeg     . . .     Faith    .   u - +4 plate armour
rPois    .         Spirit   +   (helmet restricted)
rElec    +         Reflect  .   w - scarf {repulsion}
rCorr    .         Harm     .   V - +2 pair of gloves
MR       ++...     Clarity  +   (no boots)
Stlth    ..........             O - amulet of the gourmand
HPRegen  0.28/turn              l - ring of magical power
MPRegen  0.46/turn              x - ring of protection from magic

@: repel missiles
A: beak, hooves 1, clarity, powered by death 2, electricity resistance, strong
1, magic shield, magic regeneration, sturdy frame 3
a: Depart the Abyss, Bend Space, Banish, Corrupt, Enter the Abyss, Brand Weapon
With Distortion, Renounce Religion


You were on level 12 of the Dungeon.
You worshipped Lugonu.
Lugonu was exalted by your worship.
You were full.

You visited 4 branches of the dungeon, and saw 20 of its levels.
You visited the Abyss 1 time.

You collected 1138 gold pieces.
You spent 255 gold pieces at shops.

Inventory:

Hand Weapons
 a - a +2 hand axe
 j - a +1 broad axe of electrocution (weapon)
 n - a +0 war axe
 q - a +0 scimitar of flaming
 A - a +3 hand axe of chopping
 P - the +11 whip "Pihaomos" {slash, *Rage MR++}
   (You found it on level 9 of the Dungeon)

   It inflicts extra damage upon your enemies.
   It affects your resistance to hostile enchantments.
   It may make you go berserk in combat.
Missiles
 R - a throwing net (quivered)
Armour
 e - a +0 scale mail of fire resistance
 h - a +0 large shield (worn)
 p - a +1 leather armour of poison resistance
 s - a +2 robe of magic resistance
 u - a +4 plate armour (worn)
 w - a scarf of repulsion (worn)
 E - the +0 robe of the Unbroken {Regen+}
   (You found it on level 3 of the Lair of Beasts)

   It increases your rate of regeneration.
 L - a +0 pair of gloves
 V - a +2 pair of gloves (worn)
Magical Staves
 g - an uncursed staff of power
Jewellery
 l - a ring of magical power (left hand)
 o - an uncursed ring of stealth
 x - a ring of protection from magic (right hand)
 H - an uncursed ring of ice
 M - an uncursed ring of stealth
 O - an amulet of the gourmand (around neck)
Wands
 r - a wand of clouds (10)
 y - a wand of acid (25)
 z - a wand of flame (31)
 B - a wand of digging (4)
 D - a wand of polymorph (10)
 G - a wand of iceblast (6)
 U - a wand of disintegration (14)
 W - a wand of random effects (9)
Scrolls
 f - 3 scrolls of fear
 i - 3 scrolls of amnesia
 k - 9 scrolls of identify
 t - 5 scrolls of remove curse
 C - a scroll of magic mapping {unknown}
 I - 6 scrolls of fog {unknown}
 J - 2 scrolls of enchant armour
 K - a scroll of torment {unknown}
 Q - 2 scrolls of vulnerability {unknown}
Potions
 d - 5 potions of flight
 m - 2 potions of cancellation
 F - 2 potions of haste
 N - a potion of heal wounds
 T - a potion of curing
Miscellaneous
 b - a crystal ball of energy
 v - a lightning rod (3/4)
Comestibles
 c - 20 rations


   Skills:
 + Level 11.4 Fighting
 * Level 12.6 Axes
 + Level 10.4 Armour
 - Level 0.8 Dodging
 - Level 10.2 Shields
 + Level 14.1 Invocations


You had 13 spell levels left.
You didn't know any spells.
Your spell library contained the following spells:

 Spells                   Type           Power        Failure   Level  Hunger
 Animate Skeleton         Necr           N/A          100%        1    ##.....
 Apportation              Tloc           #.....       100%        1    ##.....
 Beastly Appendage        Tmut           #.....       100%        1    ##.....
 Confusing Touch          Hex            #.....       100%        1    ##.....
 Flame Tongue             Conj/Fire      #....        100%        1    ##.....
 Magic Dart               Conj           #...         100%        1    ##.....
 Summon Small Mammal      Summ           #...         100%        1    ##.....
 Poisonous Vapours        Pois/Air       #.....       100%        2    ###....
 Searing Ray              Conj           #.....       100%        2    ###....
 Sticks to Snakes         Tmut           #.......     100%        2    ###....
 Throw Flame              Conj/Fire      #.....       100%        2    ###....
 Conjure Flame            Conj/Fire      #.......     100%        3    ####...
 Dazzling Spray           Conj/Hex       #.....       100%        3    ####...
 Inner Flame              Hex/Fire       #.......     100%        3    ####...
 Mephitic Cloud           Conj/Pois/Air  #.......     100%        3    ####...
 Spider Form              Tmut/Pois      #.........   100%        3    ####...
 Force Lance              Conj/Tloc      #.......     100%        4    #####..
 Fulminant Prism          Conj/Hex       #.........   100%        4    #####..
 Ice Form                 Ice/Tmut       #.......     100%        4    #####..
 Iskenderun's Mystic Bla  Conj           #.......     100%        4    #####..
 Sticky Flame             Conj/Fire      #.......     100%        4    #####..
 Summon Lightning Spire   Summ/Air       #.......     100%        4    #####..
 Blade Hands              Tmut           #.........   100%        5    ######.
 Fireball                 Conj/Fire      #.........   100%        5    ######.
 Silence                  Hex/Air        #.........   100%        5    ######.
 Conjure Ball Lightning   Conj/Air       #.........   100%        6    #######
 Deflect Missiles         Chrm/Air       #.........   100%        6    #######
 Freezing Cloud           Conj/Ice/Air   #.........   100%        6    #######
 Poison Arrow             Conj/Pois      #.........   100%        6    #######
 Ring of Flames           Chrm/Fire      #.........   100%        7    #######
 Chain Lightning          Conj/Air       #.........   100%        8    #######
 Lehudib's Crystal Spear  Conj/Erth      #.........   100%        8    #######
 Fire Storm               Conj/Fire      #.........   100%        9    #######
 Glaciate                 Conj/Ice       #.........   100%        9    #######
 Tornado                  Air            #.........   100%        9    #######


Dungeon Overview and Level Annotations

Branches:
Dungeon (12/15)            Temple (1/1) D:7            Lair (6/6) D:8
 Shoals (1/4) Lair:2       Spider (0/4) Lair:4        Slime (0/5) Lair:5
    Orc: D:9-12

Altars:
Ashenzari
Cheibriados
Dithmenos
Elyvilon
Fedhas
Gozag
Hepliaklqana
Kikubaaqudgha
Makhleb
Nemelex Xobeh
Okawaru
Qazlal
Ru
Sif Muna
Trog
Uskayaw
Vehumet
Wu Jian
Xom
Yredelemnul
Zin
The Shining One
Jiyva

Shops:
D:4 ((   D:10 !

Annotations:
D:6 3 runed translucent doors, Lightli's ghost, amateur DEBe
D:8 corrupted
Lair:6 2 transporters, johnl023's ghost, journeyman FeCj
Abyss:1 Erolcha; Kirke; Psyche


Innate Abilities, Weirdness & Mutations

You have large cloven feet.
You regenerate health from kills.
When hurt, damage is shared between your health and your magic reserves.
You regenerate magic rapidly.
Your movements are significantly less encumbered by armour. (ER -6)
You have a beak for a mouth.
You possess an exceptional clarity of mind.
You are resistant to electric shocks. (rElec)
Your muscles are strong. (Str +2)


Message History

Aim: a hell hound (catching its breath)
The mass of ice explodes!
The iceblast engulfs the hell hound!
The hell hound is frozen!
The hell hound is moderately wounded.
You are covered in liquid flames!
* * * LOW HITPOINT WARNING * * *
Okay, then.
Okay, then.
As you read the scroll of fear, it crumbles to dust.
You assume a fearsome visage.
The hell hound is unaffected.
The fire elemental is unaffected.
You are covered in liquid flames!
* * * LOW HITPOINT WARNING * * *
The hell hound barely misses you.
A yak comes into view.
Space bends around you!
You blink.
The hell hound breathes flames at you.
The blast of flame misses the fire elemental.
The blast of flame hits you!
You die...

##### #######...
..........# Y.........#
..........# ########
........@.+ #.......
..........# #.......
..........# ..#......#
........E.##+##..###....#
...!...§h☼........ #....#
..########)#####.###.....
#.....○#.# #.#.......
#.....°h.# #.#......<
#......#.# #.#.......


You could see a fire elemental and a hell hound.

Vanquished Creatures
  Azrael (D:12)
  2 dire elephants (Lair:4)
  2 hydras (Lair:6)
  Erica (D:10)
  A sea snake (Shoals:1)
  2 wolf spiders
  A cyclops (D:11)
  3 oklob plants (Lair:2)
  A deep elf mage (D:11)
  A manticore (Shoals:1)
  A centaur zombie (D:12)
  2 fauns (Shoals:1)
  9 black mambas
  18 elephants
  A guardian serpent (Lair:6)
  A gargoyle (D:10)
  15 spiny frogs
  A centaur skeleton (D:10)
  A torpor snail (Lair:4)
  9 komodo dragons
  A rime drake (Lair:6)
  2 trolls
  A wind drake (Shoals:1)
  3 hornets
  2 polar bears
  13 blink frogs
  3 merfolk (Shoals:1)
  6 slime creatures
  10 hippogriffs
  A snapping turtle (Lair:2)
  4 redbacks
  A spriggan (D:11)
  A water elemental (Shoals:1)
  31 yaks
  12 wyverns
  3 basilisks (Lair:2)
  4 hogs (Lair:4)
  A fire elemental (D:12)
  Grum (D:10)
  A hungry ghost (D:9)
  24 water moccasins
  A hell hound (D:12)
  10 porcupines
  An ice beast (D:6)
  4 sky beasts
  2 necrophages
  An orc warrior (D:6)
  4 phantoms
  17 wolves
  2 ogres
  11 crocodiles
  4 centaurs
  14 bullfrogs
  A wyvern zombie (D:12)
  A water moccasin zombie (D:8)
  A wyvern skeleton (D:8)
  3 scorpions
  21 killer bees
  12 electric eels
  2 jellies
  A crimson imp (D:11)
  A quasit (D:9)
  2 bullfrog zombies
  8 orc priests
  5 hounds
  Natasha (thrice) (D:2)
  Terence (D:2)
  An iguana (D:4)
  10 orc wizards
  10 hell rats
  8 worker ants
  A hound zombie (D:6)
  A hound skeleton (D:4)
  Robin (D:2)
  6 gnolls
  9 adders
  26 river rats
  4 shadow imps
  An ooze (D:3)
  An adder zombie (D:9)
  2 adder skeletons
  4 worms
  3 dart slugs
  7 leopard geckos
  36 orcs
  12 bats
  6 giant cockroaches
  17 goblins
  9 hobgoblins
  25 jackals
  9 quokkas
  2 ball pythons
  A ball python skeleton (D:4)
  13 frilled lizards
  A goblin skeleton (D:5)
  3 goblin zombies (D:5)
  A hobgoblin zombie (D:5)
  A jackal skeleton (D:5)
  2 kobolds
  A kobold skeleton (D:5)
  A kobold zombie (D:5)
  A leopard gecko zombie (D:3)
  An orc skeleton (D:5)
  An orc zombie (D:5)
  A quokka zombie (D:5)
  29 rats
  A butterfly (Lair:4)
  A fungus (Lair:5)
  12 plants
613 creatures vanquished.

Vanquished Creatures (others)
  6 hydras
  A two-headed ogre (D:8)
  Pikel (D:8)
  An ugly thing (D:11)
  A troll (D:8)
  4 slaves (D:8)
  An ice beast (D:8)
  An ogre (D:8)
  A wolf (D:8)
  A centaur (D:8)
  2 hounds (D:8)
  2 orc priests
  A bullfrog skeleton (D:8)
  An orc wizard (D:7)
  An adder (D:8)
  3 orcs (D:8)
  4 bushes (Lair:6)
  16 fungi
  33 plants
  9 starspawn tentacles (D:8)
90 creatures vanquished.

Grand Total: 703 creatures vanquished

Notes
Turn   | Place    | Note
-------+----------+-------------------------------------------
     0 | Abyss:1  | Coldstonesans the Demonspawn Abyssal Knight began the quest
                  | for the Orb.
     0 | Abyss:1  | Reached XP level 1. HP: 18/18 MP: 2/2
   155 | Abyss:1  | Found a corrupted altar of Lugonu.
   213 | Abyss:1  | Noticed a spatial vortex
   237 | Abyss:1  | Noticed a small abomination
   244 | Abyss:1  | Noticed a spatial vortex
   246 | D:1      | Escaped the Abyss
   275 | D:1      | Gained mutation: Your movements are slightly less
                  | encumbered by armour. (ER -2) [demonic ancestry]
   275 | D:1      | Reached XP level 2. HP: 19/24 MP: 4/4
   429 | D:1      | Reached skill level 3 in Invocations
   432 | D:1      | Reached * piety under Lugonu
   506 | D:1      | Gained mutation: You regenerate a little health from kills.
                  | [demonic ancestry]
   506 | D:1      | Reached XP level 3. HP: 29/29 MP: 5/5
  1188 | D:2      | Noticed Robin
  1191 | D:2      | Reached ** piety under Lugonu
  1538 | D:2      | Reached skill level 1 in Shields
  1582 | D:2      | Killed Robin
  1582 | D:2      | Gained mutation: You regenerate health from kills. [demonic
                  | ancestry]
  1582 | D:2      | Reached XP level 4. HP: 33/37 MP: 6/6
  1660 | D:2      | Noticed Terence
  1695 | D:2      | Killed Terence
  2331 | D:2      | Noticed Natasha
  2343 | D:2      | Killed Natasha
  2343 | D:2      | Gained mutation: When hurt, damage is shared between your
                  | health and your magic reserves. [demonic ancestry]
  2343 | D:2      | Reached XP level 5. HP: 22/42 MP: 7/7
  2535 | D:2      | Noticed Natasha
  2836 | D:2      | Killed Natasha
  2885 | D:2      | Noticed Natasha
  3189 | D:3      | Found a glowing drain.
  3376 | D:3      | Found a white marble altar of Elyvilon.
  3842 | D:3      | Reached skill level 4 in Invocations
  4016 | D:3      | Reached *** piety under Lugonu
  4269 | D:2      | Killed Natasha
  4269 | D:2      | Gained mutation: Your movements are less encumbered by
                  | armour. (ER -4) [demonic ancestry]
  4269 | D:2      | Reached XP level 6. HP: 38/48 MP: 9/9
  4664 | D:4      | Gained mutation: Your movements are significantly less
                  | encumbered by armour. (ER -6) [demonic ancestry]
  4664 | D:4      | Reached XP level 7. HP: 44/55 MP: 10/10
  4673 | D:4      | Found Vitaitest's Weapon Shoppe.
  4818 | D:4      | Found a glowing silver altar of Zin.
  4849 | D:4      | Found Yshowego's Antique Weapon Shop.
  4869 | D:4      | Found a radiant altar of Vehumet.
  5232 | D:4      | Reached **** piety under Lugonu
  5292 | D:5      | Entered Level 5 of the Dungeon
  5371 | D:5      | Found a glowing golden altar of the Shining One.
  5384 | D:5      | Reached skill level 5 in Invocations
  5478 | D:5      | HP: 1/55 [orc priest/nerve-wracking pain (3)]
  6101 | D:5      | Reached skill level 5 in Fighting
  6101 | D:5      | Reached XP level 8. HP: 28/62 MP: 10/12
  6929 | D:6      | Reached skill level 5 in Shields
  6943 | D:6      | Found a runed translucent gate.
  6943 | D:6      | Found a runed translucent gate.
  6945 | D:6      | Found an opulent altar of Gozag.
  6945 | D:6      | Found a runed translucent gate.
  6947 | D:6      | Noticed Lightli's ghost (amateur DEBe)
  6995 | D:6      | Gained mutation: You are resistant to electric shocks.
                  | (rElec) [potion of mutation]
  6995 | D:6      | Gained mutation: Your muscles are strong. (Str +2) [potion
                  | of mutation]
  6995 | D:6      | Gained mutation: You possess an exceptional clarity of
                  | mind. [potion of mutation]
  6995 | D:6      | Gained mutation: You have a beak for a mouth. [potion of
                  | mutation]
  7495 | D:6      | Reached skill level 6 in Invocations
  7925 | D:6      | Found a bloodstained altar of Trog.
  7928 | D:6      | Found a snail-covered altar of Cheibriados.
  7929 | D:6      | Found a shimmering blue altar of Sif Muna.
  7942 | D:6      | Found an iron altar of Okawaru.
  7942 | D:6      | Found a hazy altar of Hepliaklqana.
  8391 | D:7      | Reached ***** piety under Lugonu
  8406 | D:7      | Found a staircase to the Ecumenical Temple.
  8597 | D:7      | Gained mutation: You have large cloven feet. [demonic
                  | ancestry]
  8597 | D:7      | Reached XP level 9. HP: 61/69 MP: 14/14
  9012 | Temple   | Entered the Ecumenical Temple
  9229 | D:8      | Found a staircase to the Lair.
  9229 | D:8      | Noticed Pikel
  9229 | D:8      | Noticed a two-headed ogre
  9270 | D:8      | Corrupted D:8
  9270 | D:8      | Noticed a black mamba
  9270 | D:8      | a shapeshifter changed into a black mamba
  9270 | D:8      | Noticed a hellwing
  9270 | D:8      | Noticed a rust devil
  9270 | D:8      | Noticed a tentacled starspawn
  9270 | D:8      | Noticed a tentacled starspawn
  9270 | D:8      | Noticed a blizzard demon
  9270 | D:8      | Noticed a sixfirhy
  9270 | D:8      | Noticed a thrashing horror
  9270 | D:8      | Noticed a starcursed mass
  9270 | D:8      | Noticed a large abomination
  9270 | D:8      | Noticed a thrashing horror
  9271 | D:8      | Noticed a large abomination
  9271 | D:8      | Noticed a large abomination
  9273 | D:8      | Noticed a hell knight
  9298 | D:8      | Found a stormy altar of Qazlal.
  9304 | D:8      | Killed a two-headed ogre
  9349 | D:8      | Killed Pikel
  9423 | D:8      | Reached skill level 7 in Invocations
  9636 | D:8      | Reached skill level 5 in Armour
  9669 | D:8      | Reached skill level 5 in Axes
  9675 | D:8      | Noticed Psyche
  9678 | D:8      | Banished Psyche
  9769 | D:8      | Noticed a troll
 10071 | D:8      | Found a sparkling altar of Nemelex Xobeh.
 10194 | D:8      | Banished a troll
 10480 | D:9      | Found a shadowy altar of Dithmenos.
 10769 | D:8      | Reached skill level 8 in Invocations
 10878 | D:9      | Gained mutation: You regenerate magic rapidly. [demonic
                  | ancestry]
 10878 | D:9      | Reached XP level 10. HP: 66/77 MP: 16/16
 11519 | D:9      | Found a burning altar of Makhleb.
 11581 | D:10     | Entered Level 10 of the Dungeon
 11581 | D:10     | Noticed Grum
 11941 | D:10     | Reached skill level 9 in Invocations
 12121 | D:10     | Noticed Erica
 12165 | D:10     | Killed Erica
 12214 | D:10     | Noticed Erolcha
 12218 | D:10     | Reached XP level 11. HP: 85/85 MP: 18/18
 12226 | D:10     | Killed Grum
 12228 | D:10     | Banished Erolcha
 12281 | D:10     | Noticed a two-headed ogre
 12291 | D:10     | Banished a two-headed ogre
 13162 | D:10     | Found Rackaq's Distillery.
 13165 | D:10     | Bought a potion of heal wounds for 85 gold pieces
 13165 | D:10     | Bought a potion of haste for 170 gold pieces
 13529 | D:11     | Reached skill level 10 in Invocations
 13600 | D:11     | Paralysed by a hornet for 2 turns
 13604 | D:11     | Paralysed by a hornet for 1 turns
 13868 | D:11     | Noticed a deep elf mage
 13879 | D:11     | Killed a deep elf mage
 14027 | D:11     | Noticed a white ugly thing
 14043 | D:11     | Banished a white ugly thing
 14387 | Lair:1   | Entered Level 1 of the Lair of Beasts
 14685 | Lair:1   | Identified a scroll of acquirement
 14977 | Lair:1   | Reached XP level 12. HP: 92/94 MP: 20/20
 15530 | Lair:2   | Noticed a seven-headed hydra
 15532 | Lair:2   | Banished a seven-headed hydra
 15549 | Lair:2   | Reached skill level 10 in Shields
 16018 | Lair:2   | Reached skill level 11 in Invocations
 17028 | Lair:2   | Found a staircase to the Shoals.
 17330 | Lair:3   | Got a brightly glowing robe
 17331 | Lair:3   | Identified the +0 robe of the Unbroken {Regen+} (You found
                  | it on level 3 of the Lair of Beasts)
 17491 | Lair:3   | Reached ****** piety under Lugonu
 17805 | Lair:3   | Reached skill level 10 in Axes
 18185 | Lair:4   | Reached skill level 12 in Invocations
 18257 | Lair:4   | Noticed a five-headed hydra
 18261 | Lair:4   | Banished a six-headed hydra
 18265 | Lair:4   | Reached XP level 13. HP: 63/103 MP: 11/22
 18344 | Lair:4   | Noticed Kirke
 18360 | Lair:4   | Noticed a sphinx
 18361 | Lair:4   | Paralysed by a sphinx for 2 turns
 18374 | Lair:4   | Paralysed by a sphinx for 6 turns
 18913 | Lair:3   | Banished Kirke
 18913 | Lair:3   | Reached skill level 10 in Fighting
 18954 | Lair:4   | Found a hole to the Spider Nest.
 18997 | Lair:4   | Noticed a dire elephant
 19015 | Lair:4   | Noticed a dire elephant
 19017 | Lair:4   | Killed a dire elephant
 19370 | Lair:4   | Killed a dire elephant
 20532 | Lair:5   | Found a viscous altar of Jiyva.
 20532 | Lair:5   | Found a staircase to the Slime Pits.
 21148 | Lair:6   | Entered Level 6 of the Lair of Beasts
 21164 | Lair:6   | Reached skill level 13 in Invocations
 22000 | Lair:5   | Reached XP level 14. HP: 102/111 MP: 24/24
 22168 | D:9      | Got a bloodstained whip
 22169 | D:9      | Identified the +11 whip "Pihaomos" {slash, *Rage MR++} (You
                  | found it on level 9 of the Dungeon)
 22485 | Lair:6   | Reached skill level 10 in Armour
 23170 | Lair:6   | Noticed johnl023's ghost (journeyman FeCj)
 23531 | Lair:6   | Found a transporter.
 23548 | Lair:6   | Found a transporter.
 24035 | Shoals:1 | Entered Level 1 of the Shoals
 24573 | Shoals:1 | Reached skill level 14 in Invocations
 25084 | D:12     | Noticed Azrael
 25112 | D:12     | Killed Azrael
 25116 | D:12     | Killed from afar by a hell hound

Levels and vault maps discovered:
D:1:      dpeg_arrival_erosion, layout_loops_ring, minmay_lizard_king
D:2:      layout_rooms, uniq_natasha, uniq_terence, uniq_robin
D:3:      layout_loops_ring, elyvilon_altar_3, portal_sewer_entry_d
D:4:      layout_loops_ring, zin_statuary, marbit_many_paths, serial_shops,
          shop, shop_fountains, dk_rats_in_the_wall
D:5:      layout_basic, nicolae_tso_besieged_by_evil, first_ration,
          minmay_curled_crystal, amethyst_killhole, sigmund_army
D:6:      layout_basic, minmay_overflow_temple_star_hex, ebering_ghost_gozag
D:7:      layout_loops_ring, minmay_temple_entry_butterflies
D:8:      layout_basic, kennysheep_mini_moat, grunt_qazlal_clouds,
          erik_lair_island, uniq_pikel, uniq_psyche
D:9:      layout_loops_ring, bloody_makhleb, nicolae_dithmenos_the_darkroom
D:10:     layout_roguey, serial_shops, kennysheep_mini, uniq_grum, uniq_erica,
          uniq_erolcha
D:11:     layout_roguey, erik_orc_2, hangedman_stone_soup
D:12:     layout_irregular_city, serial_shops, shop, uniq_azrael
Temple:   chequers_temple_sunken
Lair:1:   layout_regular_city, serial_bayou_lagoon_b, serial_bayou_shore_b
Lair:2:   layout_regular_city, minmay_shoals_entry_hut, columned_hall_lemuel,
          kennysheep_rathole, minmay_lair_oklob_chamber, grunt_megastairs_2
Lair:3:   lemuel_ratsnest, layout_regular_city, minivault_19,
          serial_bayou_shore_a
Lair:4:   beast_lair_carwin_large_1, layout_cave_pods, dummy_spider_entry,
          lemuel_fruit_tree, uniq_kirke
Lair:5:   layout_layer_cave, slime_altar_1, st_stairs_9, beast_lair_carwin_9,
          grunt_megastairs_1, lemuel_fruit_fields
Lair:6:   hangedman_lair_tendril_chambers, layout_cave_pods,
          gammafunk_ghost_berserking_beasts
Shoals:1: layout_shoals

Skill      XL: |  1  2  3  4  5  6  7  8  9 10 11 12 13 14 |
---------------+-------------------------------------------+-----
Axes           | 2 3 4 5 6 8 10 11 12 | 12.6
Armour         | 2 3 4 5 6 7 8 9 10 | 10.4
Invocations    | 3 4 5 6 8 9 10 12 13 14 | 14.1
Shields        | 1 2 3 4 6 7 8 9 10 | 10.2
Fighting       | 4 5 6 7 8 9 10 11 | 11.4
Dodging        | |  0.8

Action                   |  1- 3 |  4- 6 |  7- 9 | 10-12 | 13-15 || total
-------------------------+-------+-------+-------+-------+-------++-------
Melee: Hand axe          |   132 |   328 |   643 |   648 |       ||  1751
       War axe           |       |       |   194 |       |       ||   194
       Peck              |       |       |    71 |   195 |   115 ||   381
       Kick              |       |       |    48 |   287 |   157 ||   492
       Broad axe         |       |       |       |   344 |   521 ||   865
       Unarmed           |       |       |       |       |     2 ||     2
       Whip              |       |       |       |       |    15 ||    15
Invok: Depart the Abyss  |     1 |       |       |       |       ||     1
       Bend Space        |       |       |     1 |       |     3 ||     4
       Banish            |       |       |     2 |     8 |    11 ||    21
       Corrupt           |       |       |     1 |       |       ||     1
Evoke: Wand              |       |       |     4 |    16 |    12 ||    32
       Lightning rod     |       |       |       |       |     1 ||     1
  Use: Potion            |     1 |     3 |     7 |     6 |     8 ||    25
       Scroll            |       |    10 |    17 |     9 |     8 ||    44
 Stab: Sleeping          |     1 |       |       |       |       ||     1
       Distracted        |       |       |       |       |     1 ||     1
  Eat: Chunk             |     2 |    11 |    13 |    18 |    11 ||    55
       Ration            |       |       |     3 |     3 |     7 ||    13
Armor: Leather armour    |     8 |       |       |       |       ||     8
       Scale mail        |    61 |   117 |    84 |       |       ||   262
       Skin              |       |       |    24 |       |       ||    24
       Plate armour      |       |       |   262 |   467 |   389 ||  1118
Dodge: Dodged            |    59 |    69 |   154 |   172 |   168 ||   622
       Deflected         |       |       |     3 |     3 |     3 ||     9
Block: Large shield      |    51 |   196 |   657 |   866 |   682 ||  2452

Table legend:
 A = Non-vault XP
 B = Vault XP
 C = Vault XP percentage of total XP
 D = Non-vault monster count
 E = Vault monster count
 F = Vault count percentage of total count
                 A         B        C        D         E       F
            +---------+---------+-------+---------+---------+-------
      Total |   54934 |   30183 |  35.5 |     424 |     192 |  31.2
            +---------+---------+-------+---------+---------+-------
        D:1 |      39 |      17 |  30.4 |      22 |      13 |  37.1
        D:2 |     156 |     107 |  40.7 |      23 |      13 |  36.1
        D:3 |      65 |      13 |  16.7 |      25 |       1 |   3.8
        D:4 |     530 |     107 |  16.8 |      27 |      22 |  44.9
        D:5 |     614 |      23 |   3.6 |      26 |      11 |  29.7
        D:6 |     881 |       0 |   0.0 |      19 |       0 |   0.0
        D:7 |     339 |       0 |   0.0 |      16 |       0 |   0.0
        D:8 |    1232 |     763 |  38.2 |      27 |       6 |  18.2
        D:9 |    3731 |     116 |   3.0 |      35 |       1 |   2.8
       D:10 |    3988 |    2025 |  33.7 |      32 |       6 |  15.8
       D:11 |    1546 |     905 |  36.9 |      12 |       4 |  25.0
       D:12 |     600 |    1601 |  72.7 |       2 |       3 |  60.0
     Lair:1 |    4831 |       0 |   0.0 |      29 |       0 |   0.0
     Lair:2 |    3531 |    2908 |  45.2 |      18 |      18 |  50.0
     Lair:3 |    6824 |    2127 |  23.8 |      32 |      36 |  52.9
     Lair:4 |    3567 |    8060 |  69.3 |      10 |      16 |  61.5
     Lair:5 |    6968 |    4652 |  40.0 |      28 |      21 |  42.9
     Lair:6 |   11695 |    6759 |  36.6 |      32 |      21 |  39.6
   Shoals:1 |    3797 |       0 |   0.0 |       9 |       0 |   0.0
            +---------+---------+-------+---------+---------+-------
